 Dungeon Crawl Stone Soup version 0.16-a0-3855-gd2600ac (webtiles) character file.

405448 abixa the Devastator (level 23, -3/151 HPs)
             Began as a Tengu Conjurer on Jan 30, 2015.
             Was the Champion of Vehumet.
             Killed from afar by a fire giant (illusionary) (45 damage)
             ... with a fireball
             ... on level 2 of the Depths on Jan 31, 2015.
             The game lasted 10:16:04 (95724 turns).

abixa the Devastator (Tengu Conjurer)              Turns: 95724, Time: 10:16:05

Health: -3/151     AC: 28    Str: 18    XL:     23   Next: 39%
Magic:  54/56      EV: 31    Int: 22    God:    Vehumet [******]
Gold:   2304       SH:  9    Dex: 22    Spells: 11 memorised, 12 levels left

rFire  . . .     SeeInvis +     a - +4 morningstar {elec, rN+ MP+9 Dex-2}
rCold  + . .     Clarity  .     O - +9 ice dragon armour
rNeg   + + +     SustAb   .     F - +3 buckler {rN+}
rPois  +         Gourm    .     (helmet restricted)
rElec  +         Spirit   .     U - +0 cloak of Starlight {rElec rC+ EV+4 Stlth-}
rCorr  .         Warding  +     W - +2 pair of gloves "Nawaz" {rC- Int+2 Dex+4 SInv}
rMut   .         Stasis   .     (boots unavailable)
MR     +....                    P - amulet "Xewna" {Ward rPois+ rN+ MP+9 Str+2 Int-2 Dex+3}
Stlth  +.........               m - ring "Pinyliqo" {Wiz rC- Str+6}
                                R - ring of Liesored {+cTele rF+}

@: flying quickly and evasively, quick, somewhat resistant to hostile
enchantments, very unstealthy
A: able to fly continuously, beak, horns 1, talons 3, robust 1, spit poison 1,
no device heal 1
a: Spit Poison, Stop Flying, Renounce Religion, Evoke Teleport Control
}: 2/15 runes: decaying, gossamer


You were on level 2 of the Depths.
You worshipped Vehumet.
Vehumet was exalted by your worship.
You were very hungry.

You visited 9 branches of the dungeon, and saw 46 of its levels.
You also visited: Labyrinth, Ossuary, Volcano and Wizlab.

You collected 5543 gold pieces.
You spent 3239 gold pieces at shops.

Inventory:

Hand weapons
 a - the +4 morningstar of Tension (weapon) {elec, rN+ MP+9 Dex-2}
   (You bought it in a shop on level 14 of the Dungeon)

   Occasionally, upon striking a foe, it will discharge some electrical energy
   and cause terrible harm.
   It affects your dexterity (-2).
   It protects you from negative energy.
   It affects your magic capacity (+9).
 j - a +0 blowgun
Missiles
 k - 20 curare-tipped needles
 n - 10 tomahawks of dispersal (quivered)
 Z - 137 poisoned needles
Armour
 F - a +3 buckler of positive energy (worn)
 O - a +9 ice dragon armour (worn)
 U - the +0 cloak of Starlight (worn) {rElec rC+ EV+4 Stlth-}
   (You found it in a wizard's laboratory)

   It affects your evasion (+4).
   It protects you from cold.
   It insulates you from electricity.
   It makes you less stealthy.
 W - the +2 pair of gloves "Nawaz" (worn) {rC- Int+2 Dex+4 SInv}
   (You bought it in a shop on level 2 of the Elven Halls)

   It affects your intelligence (+2).
   It affects your dexterity (+4).
   It makes you vulnerable to cold.
   It enhances your eyesight.
Jewellery
 b - an uncursed ring of teleportation
 g - an uncursed ring of protection from magic
 m - the ring "Pinyliqo" (right hand) {Wiz rC- Str+6}
   (You bought it in a shop on level 7 of the Dungeon)

   [ring of wizardry]

   It improves your spell success rate.
   It affects your strength (+6).
   It makes you vulnerable to cold.
 r - an uncursed ring of fire
 t - an uncursed ring of protection from cold
 P - the amulet "Xewna" (around neck) {Ward rPois+ rN+ MP+9 Str+2 Int-2 Dex+3}
   (You bought it in a shop on level 7 of the Dungeon)

   [amulet of warding]

   It may prevent the melee attacks of summoned creatures.
   It affects your strength (+2).
   It affects your intelligence (-2).
   It affects your dexterity (+3).
   It protects you from poison.
   It protects you from negative energy.
   It affects your magic capacity (+9).
 R - the ring of Liesored (left hand) {+cTele rF+}
   (You found it on level 2 of the Vaults)

   [ring of teleport control]

   It can be evoked for teleport control.
   It protects you from fire.
 S - an uncursed ring of positive energy {unknown}
Magical devices
 h - a wand of heal wounds (5)
 i - a wand of teleportation (3)
 l - a wand of disintegration (13)
 s - a wand of hasting (3)
 y - a wand of cold (7)
 A - a wand of digging (10)
 H - a wand of draining (2)
 J - a wand of lightning (0)
Scrolls
 f - 2 scrolls of blinking
 p - 25 scrolls of remove curse
 u - 2 scrolls of summoning
 x - 2 scrolls of vulnerability
 z - 6 scrolls of fog
 E - 3 scrolls of teleportation
 G - a scroll of magic mapping
 N - 4 scrolls of fear
 Q - 3 scrolls of immolation
 V - a scroll of enchant weapon
Potions
 d - 21 potions of curing
 e - 2 potions of berserk rage
 o - 2 potions of magic
 q - 5 potions of heal wounds
 B - 2 potions of resistance
 D - 2 potions of might
 I - 3 potions of invisibility
 K - 5 potions of agility
 M - 7 potions of haste
 T - 7 potions of brilliance
 X - 4 potions of cancellation
Miscellaneous
 v - a phial of floods
 C - a lantern of shadows
Comestibles
 c - 17 bread rations
 L - a beef jerky
 Y - a meat ration


   Skills:
 + Level 12.3 Fighting
 + Level 15.4 Maces & Flails
 - Level 13.0 Armour
 - Level 15.2 Dodging
 - Level 7.4 Stealth
 - Level 3.9 Shields
 - Level 18.6 Spellcasting
 - Level 20.0 Conjurations
 - Level 3.1 Charms
 - Level 6.2 Summonings
 - Level 6.0 Necromancy
 - Level 7.0 Fire Magic
 - Level 18.0 Air Magic


You had 12 spell levels left.
You knew the following spells:

 Your Spells              Type           Power        Failure   Level  Hunger
a - Iskenderun's Battles  Conj/Chrm      ######..     1%          5    None
b - Apportation           Tloc           ###.......   4%          1    None
c - Static Discharge      Conj/Air       #######.     0%          3    None
d - Iskenderun's Mystic   Conj           #######.     1%          4    None
e - Conjure Ball Lightni  Conj/Air       #######...   1%          6    ####...
f - Bolt of Fire          Conj/Fire      ######....   1%          6    ####...
g - Orb of Destruction    Conj           #######...   1%          7    #####..
h - Summon Butterflies    Summ           #####...     1%          1    None
i - Regeneration          Chrm/Necr      #####.....   1%          3    None
j - Vampiric Draining     Necr           #####.....   1%          3    None
k - Chain Lightning       Conj/Air       #######...   2%          8    #######


Dungeon Overview and Level Annotations

Branches:
Dungeon (15/15)            Temple (1/1) D:5            Lair (8/8) D:10
  Swamp (5/5) Lair:4       Spider (5/5) Lair:5        Slime (0/6) Lair:7
    Orc (4/4) D:9             Elf (2/3) Orc:4        Vaults (4/5) D:13
  Crypt (0/3) Vaults:3     Depths (2/5) D:15

Altars:
Ashenzari
Cheibriados
Dithmenos
Elyvilon
Fedhas
Gozag
Kikubaaqudgha
Makhleb
Nemelex Xobeh
Okawaru
Qazlal
Ru
Sif Muna
Trog
Vehumet
Xom
Yredelemnul
Zin
The Shining One
Beogh

Shops:
D:7 =   D:9 (   D:14 (   Orc:4 ?[?!   Elf:2 }[   Vaults:1 (

Portals:
Hell: Depths:1 Depths:2
Abyss: Depths:1
Ziggurat: Depths:2

Annotations:
D:10 exclusions: door and 1 more exclusion
Lair:8 runed door
Elf:2 runed door, exclusions: 3 doors and upstairs
Depths:1 runed door


Innate Abilities, Weirdness & Mutations

You can fly continuously.
You have a beak for a mouth.
You have claws for feet.
You have a pair of small horns on your head.
You are robust (+10% HP).
You can spit poison.
Potions and wands are less effective at restoring your health.


Message History

The fire giant shimmers and seems to become two!
Casting: Conjure Ball Lightning
Confirm with . or Enter, or press ? or * to list all spells.
You hear a mighty clap of thunder!
The lightning arc hits the fire giant.
The fire giant is almost dead.
The lightning arc hits the fire giant.
The fire giant is severely wounded.
The lightning arc hits you! You resist.
* * * LOW HITPOINT WARNING * * *
The lightning arc hits the fire giant.
The fire giant is severely wounded.
The lightning arc hits the fire giant.
You kill the fire giant!
Vehumet accepts your kill.
You feel your power returning.
You are feeling very hungry.
The fire giant casts a spell at you.
The fireball explodes!
The fireball engulfs you!
You die...

####..###..#.
....##.##...#
#.##.∩.##R...
#..##.##...#
#...###Y.+###
#.#.#)(#.C.....#
#....))).......#
###.###)C......#
# +@.......#
#((......#
#(########
###.#####
#...(...#
#..(###.# #.>(#
.. #...# ## ..
#...###. ..#..


You could see a dire elephant, a fire giant, a stone giant and a rakshasa.

Vanquished Creatures
  the Lernaean hydra (Swamp:5)
  Margery (Vaults:2)
  Norris (Swamp:2)
  Arachne (Spider:2)
  A tentacled monstrosity (Vaults:3)
  A lich (Depths:1)
  Asterion (Swamp:5)
  A sphinx (Vaults:3)
  Agnes (Spider:5)
  Kirke (Lair:5)
  4 thorn hunters
  Frances (Swamp:3)
  A storm dragon (Vaults:4)
  7 fire giants
  Roxanne (D:14)
  7 ghost moths (Spider:5)
  Wiglaf (Swamp:5)
  11 vault wardens
  4 orc warlords
  Aizul (Swamp:2)
  Louise (Swamp:1)
  10 emperor scorpions
  3 frost giants
  A ghoul (Vaults:3)
  A cacodemon (WizLab)
  Jorgrun (Swamp:5)
  11 ironheart preservers
  A very ugly thing (Depths:1)
  9 stone giants
  A deep elf annihilator (Vaults:4)
  4 ettins
  Snorg (Lair:8)
  5 fire dragons
  A deep elf death mage (Vaults:1)
  A crystal guardian (Vaults:4)
  A minotaur (Lab)
  A rakshasa (Depths:1)
  A deep elf high priest (Elf:1)
  8 vault guards
  A great orb of eyes (WizLab)
  8 yaktaur captains
  27 hydras
  3 ice dragons
  A hell beast (Depths:2)
  Erica (D:13)
  2 ghost crabs
  4 dancing weapons (Elf:2)
  13 ogre magi
  7 alligators
  The ghost of Gronka the Grappler, an experienced MiMo of Okawaru (D:11)
  3 deep troll shamans (Depths:1)
  5 centaur warriors
  2 vampire magi
  15 death yaks
  3 deep troll earth magi (Depths:1)
  5 tengu warriors
  2 thrashing horrors (WizLab)
  3 orc high priests
  Urug (D:15)
  Nergalle (Lair:8)
  14 deep elf knights
  6 spriggans
  A skeletal warrior (Vaults:2)
  13 hell knights
  A titan skeleton (Vaults:4)
  15 deep trolls
  2 shadow wraiths
  2 unseen horrors
  2 fire crabs (Vaults:4)
  5 iron trolls (Depths:1)
  2 spriggan druids (Swamp:5)
  4 deep elf summoners
  2 flayed ghosts
  16 swamp dragons
  8 hill giants
  2 oklob plants
  2 obsidian statues
  2 shambling mangroves (Swamp:5)
  3 giant orange brains
  11 ironbrand convokers
  Erolcha (Orc:1)
  2 lindwurms
  Pikel (D:4)
  A harpy (shapeshifter) (Vaults:1)
  13 orc knights
  2 spectral hydras
  43 ugly things
  The ghost of Johnny the Chopper, an experienced FoBe of Trog (D:5)
  An orb spider (shapeshifter) (Vaults:1)
  5 necromancers
  3 wizards
  11 deep elf conjurers
  33 wolf spiders
  6 harpies
  A draconian (shapeshifter) (Vaults:3)
  3 worldbinders (WizLab)
  2 hornets (shapeshifter)
  3 manticores (D:15)
  23 orb spiders
  7 orc sorcerers
  9 griffons
  A manticore (shapeshifter) (D:15)
  4 hornets
  10 elephants
  A stone giant skeleton (Vaults:4)
  A guardian serpent (shapeshifter) (Vaults:3)
  9 cyclopes
  An apocalypse crab (WizLab)
  A guardian serpent (WizLab)
  4 black mambas
  12 vault sentinels
  3 centaur skeletons
  An efreet (D:14)
  2 orange demons (WizLab)
  32 spiny frogs
  5 moths of wrath
  A rust devil (Depths:1)
  2 kobold demonologists
  A molten gargoyle (Volcano)
  A komodo dragon (shapeshifter) (D:15)
  A spiny frog (shapeshifter) (Vaults:1)
  10 torpor snails
  8 gargoyles
  3 human zombies (Vaults:4)
  16 komodo dragons
  A ball lightning (Spider:5)
  4 fire drakes
  A red devil (Depths:2)
  3 ancient zymes (WizLab)
  A troll (shapeshifter) (Depths:1)
  16 deep elf priests
  3 tengu conjurers
  13 demonic crawlers
  2 hellwings (WizLab)
  54 yaktaurs
  9 boulder beetles
  Sonja (D:15)
  7 freezing wraiths
  A raven (shapeshifter) (Elf:2)
  45 slime creatures
  5 fire vortices (Volcano)
  A polar bear (shapeshifter) (D:15)
  2 raiju (Lair:8)
  A blue devil (Elf:1)
  37 jumping spiders
  10 trolls
  A shadow dragon simulacrum (Vaults:3)
  Prince Ribbit (D:6)
  35 blink frogs
  A wolf spider simulacrum (Vaults:1)
  8 polar bears (Lair:8)
  8 giant leeches
  22 two-headed ogres
  A blink frog (shapeshifter) (Vaults:2)
  2 shadows
  A frost giant simulacrum (Depths:2)
  16 ravens
  4 baby alligators (Swamp:3)
  32 trapdoor spiders
  A yak (shapeshifter) (Vaults:1)
  76 redbacks
  7 basilisks
  2 ettin skeletons (Vaults:4)
  A tarantella (shapeshifter) (Depths:2)
  A trapdoor spider (shapeshifter) (Vaults:4)
  3 humans
  A vampire (Vaults:3)
  2 ynoxinuls (WizLab)
  2 humans (shapeshifter)
  39 tarantellas
  6 wyverns
  3 fire elementals (Volcano)
  2 chaos spawn
  40 vampire mosquitoes
  23 deep elf magi
  6 hogs
  75 yaks
  A hippogriff (shapeshifter) (Vaults:2)
  10 hippogriffs
  A steam dragon (shapeshifter) (Vaults:4)
  31 deep elf fighters
  4 wraiths
  4 hungry ghosts
  37 wolves
  19 wargs
  2 human simulacra
  The ghost of abixa the Charmwright, an average HESk (D:4)
  20 water moccasins
  A mottled dragon (D:14)
  7 insubstantial wisps
  7 spatial vortices (WizLab)
  34 swamp worms
  4 sky beasts
  A soldier ant (D:13)
  39 orc warriors
  13 porcupines
  A swamp drake (shapeshifter) (Vaults:2)
  14 swamp drakes
  37 spiders
  A black bear (shapeshifter) (Vaults:2)
  4 slaves (D:3)
  7 boggarts
  14 centaurs
  4 ice beasts
  14 black bears
  2 eyes of draining
  5 hell hounds
  3 boring beetles
  A phantom (D:11)
  47 ogres
  2 eyes of draining (shapeshifter) (Vaults:2)
  15 crocodiles
  3 necrophages
  10 wasps
  Duvessa (Orc:1)
  2 big kobolds (D:10)
  24 giant frogs
  5 brain worms (Lair:8)
  A cyclops zombie (D:14)
  A wyvern zombie (D:10)
  An elf skeleton (D:5)
  16 killer bees
  A gnoll sergeant (D:10)
  A wyvern skeleton (D:15)
  9 scorpions
  5 electric eels
  21 wights
  4 lava snakes (Lab)
  A wasp zombie (D:6)
  Dowan (Orc:1)
  16 bog bodies
  16 crimson imps
  3 goliath beetles
  2 centaur zombies (Ossuary)
  A giant frog zombie (D:11)
  8 jellies
  2 quasits
  43 orc priests
  28 hounds
  2 giant frog skeletons
  4 iron imps
  64 orc wizards
  5 iguanas
  3 human skeletons
  14 worker ants
  41 sheep
  Jessica (D:2)
  3 hound zombies (Ossuary)
  A hound skeleton (D:7)
  9 mummies
  2 worker ant zombies
  5 gnolls
  65 river rats
  31 adders
  6 shadow imps
  A giant mite (D:6)
  25 worms
  An ufetubus (WizLab)
  An adder skeleton (D:6)
  An adder zombie (Ossuary)
  10 giant geckos
  6 oozes
  228 orcs
  17 bats
  A bat skeleton (D:4)
  2 bat zombies
  4 giant cockroaches
  10 hobgoblins
  12 jackals
  23 quokkas
  A ball python (D:2)
  A giant cockroach zombie (Ossuary)
  2 giant gecko zombies (Ossuary)
  7 giant newts
  2 giant spores
  25 goblins
  A jackal zombie (D:9)
  24 kobolds
  2 orc skeletons (D:5)
  An orc zombie (D:5)
  A quokka skeleton (D:4)
  2 quokka zombies
  12 rats
  13 ballistomycetes
  2 briar patches (Swamp:5)
  2 crawling corpses (Elf:1)
  An eldritch tentacle segment (WizLab)
  11 fungi
  6 plants
2618 creatures vanquished.

Vanquished Creatures (others)
  An eldritch tentacle (WizLab)
  An ironheart preserver (Vaults:2)
  A deep elf conjurer (Depths:2)
  306 ball lightnings
  A deep elf priest (Elf:1)
  A vampire mosquito (Vaults:2)
  A deep elf fighter (Elf:2)
  A hippogriff (Lair:7)
  2 ogres
  3 giant spores
  A ballistomycete (D:6)
  18 butterflies
  6251 eldritch tentacle segments (WizLab)
  12 fungi
  25 plants
6625 creatures vanquished.

Grand Total: 9243 creatures vanquished

Notes
Turn   | Place    | Note
--------------------------------------------------------------
     0 | D:1      | abixa, the Tengu Conjurer, began the quest for the Orb.
     0 | D:1      | Reached XP level 1. HP: 10/10 MP: 3/3
   354 | D:1      | Reached XP level 2. HP: 15/15 MP: 0/5
   468 | D:1      | Reached skill level 6 in Conjurations
   831 | D:1      | Reached XP level 3. HP: 19/19 MP: 0/7
   905 | D:1      | Learned a level 2 spell: Searing Ray
  1228 | D:2      | Reached skill level 7 in Conjurations
  1488 | D:2      | Found a glowing golden altar of the Shining One.
  1489 | D:2      | Noticed an angel
  1529 | D:2      | Reached XP level 4. HP: 24/24 MP: 3/8
  1609 | D:2      | Found a basalt altar of Yredelemnul.
  1610 | D:2      | Noticed a profane servitor
  1623 | D:2      | Found a snail-covered altar of Cheibriados.
  1806 | D:2      | Noticed Jessica
  1819 | D:2      | Killed Jessica
  2407 | D:3      | Reached XP level 5. HP: 28/28 MP: 10/12
  2795 | D:3      | Found a stormy altar of Qazlal.
  2953 | D:3      | Learned a level 4 spell: Iskenderun's Mystic Blast
  3408 | D:4      | Found a sacrificial altar of Ru.
  3412 | D:4      | Reached XP level 6. HP: 32/32 MP: 12/17
  3813 | D:4      | Noticed a slave
  3815 | D:4      | Noticed a slave
  3815 | D:4      | Noticed a slave
  3822 | D:4      | Noticed Pikel
  3822 | D:4      | Noticed a slave
  3942 | D:3      | Killed a slave
  3974 | D:3      | Killed a slave
  4037 | D:3      | Killed a slave
  4214 | D:4      | Noticed abixa's ghost (average HESk)
  4287 | D:4      | Paralysed by Pikel for 4 turns
  4335 | D:3      | Killed a slave
  4468 | D:5      | Entered Level 5 of the Dungeon
  4471 | D:5      | Reached skill level 8 in Conjurations
  4633 | D:4      | Reached XP level 7. HP: 36/36 MP: 10/18
  4942 | D:5      | Noticed Johnny's ghost (experienced FoBe)
  5008 | D:4      | Killed abixa's ghost
  5008 | D:4      | Reached skill level 9 in Conjurations
  5125 | D:5      | Found a sand-covered staircase.
  5158 | Ossuary  | Entered an ossuary
  5167 | Ossuary  | Reached skill level 5 in Dodging
  5277 | Ossuary  | Reached XP level 8. HP: 41/41 MP: 15/20
  5404 | Ossuary  | Reached skill level 5 in Spellcasting
  5872 | Ossuary  | Reached skill level 1 in Fighting
  6149 | D:5      | Reached skill level 10 in Conjurations
  6385 | D:5      | Found a staircase to the Ecumenical Temple.
  6402 | Temple   | Entered the Ecumenical Temple
  6434 | Temple   | Became a worshipper of Vehumet
  6663 | D:4      | Killed Pikel
  6663 | D:4      | Reached skill level 11 in Conjurations
  6663 | D:4      | Reached XP level 9. HP: 49/52 MP: 11/24
  6888 | D:4      | Found a shadowy altar of Dithmenos.
  7815 | D:6      | Reached skill level 5 in Fighting
  7864 | D:6      | Acquired Vehumet's first power
  7864 | D:6      | Offered knowledge of Sandblast by Vehumet.
  8310 | D:6      | Noticed Prince Ribbit
  8312 | D:6      | Killed Prince Ribbit
  8312 | D:6      | Reached skill level 12 in Conjurations
  8900 | D:7      | Found Wypaosm's Jewellery Shop.
  9051 | D:7      | Found a shimmering altar of Xom.
  9051 | D:7      | Found a burning altar of Makhleb.
  9193 | D:7      | Offered knowledge of Throw Flame by Vehumet.
  9367 | D:7      | Found a deep blue altar of Sif Muna.
  9506 | D:7      | Reached XP level 10. HP: 56/59 MP: 17/25
  9824 | D:8      | Found a deep blue altar of Sif Muna.
 10510 | D:8      | Reached skill level 13 in Conjurations
 10742 | D:9      | Offered knowledge of Static Discharge by Vehumet.
 10747 | D:9      | Learned a level 3 spell: Static Discharge
 10933 | D:9      | Reached skill level 1 in Air Magic
 11003 | D:9      | Acquired Vehumet's second power
 11412 | D:9      | Found Diasos' Weapon Emporium.
 11549 | D:9      | Offered knowledge of Sticky Flame by Vehumet.
 12088 | D:9      | Found a staircase to the Orcish Mines.
 12122 | D:9      | Found a roughly hewn altar of Beogh.
 12130 | D:9      | Acquired Vehumet's third power
 12421 | D:9      | Offered knowledge of Conjure Flame by Vehumet.
 12426 | D:9      | Reached skill level 5 in Air Magic
 12526 | D:10     | Entered Level 10 of the Dungeon
 12538 | D:9      | Reached XP level 11. HP: 19/66 MP: 2/26
 13306 | D:10     | Found a staircase to the Lair.
 13420 | D:10     | Killed an unseen horror
 13420 | D:10     | Reached skill level 10 in Dodging
 14126 | D:10     | Offered knowledge of Conjure Ball Lightning by Vehumet.
 14257 | D:10     | Learned a level 6 spell: Conjure Ball Lightning
 14364 | D:10     | Reached skill level 14 in Conjurations
 14748 | D:10     | Found Clixujaid's Book Boutique.
 15453 | D:10     | Noticed a hill giant
 15495 | D:9      | Killed a hill giant
 15850 | Lair:1   | Entered Level 1 of the Lair of Beasts
 16243 | Lair:1   | Reached XP level 12. HP: 73/73 MP: 25/27
 16615 | Lair:1   | Reached skill level 15 in Conjurations
 16646 | Lair:1   | Got a pair of ancient gloves
 16655 | Lair:1   | Identified the cursed +0 pair of gloves of the Harvest {rPois+} (You found it on level 1 of the Lair of Beasts)
 18227 | D:5      | Killed Johnny's ghost
 18556 | Lair:2   | Offered knowledge of Orb of Destruction by Vehumet.
 18565 | Lair:2   | Learned a level 7 spell: Orb of Destruction
 19381 | Lair:2   | Noticed an eight-headed hydra
 19404 | Lair:2   | Killed an eight-headed hydra
 19984 | Lair:2   | Learned a level 1 spell: Summon Butterflies
 20075 | Lair:3   | Reached skill level 1 in Summonings
 20299 | Lair:3   | Found a dark tunnel.
 20307 | Volcano  | Entered a volcano
 20564 | Volcano  | Reached skill level 5 in Summonings
 20693 | Volcano  | Reached XP level 13. HP: 79/79 MP: 29/29
 21257 | Volcano  | Reached skill level 16 in Conjurations
 22415 | Lair:3   | Reached skill level 17 in Conjurations
 22514 | Lair:3   | Offered knowledge of Freezing Cloud by Vehumet.
 24560 | Lair:4   | Offered knowledge of Bolt of Fire by Vehumet.
 24864 | Lair:4   | Reached skill level 10 in Spellcasting
 25073 | Lair:4   | Found a staircase to the Swamp.
 26283 | Lair:5   | Reached XP level 14. HP: 84/84 MP: 33/33
 26294 | Lair:5   | Learned a level 6 spell: Bolt of Fire
 26778 | Lair:5   | Found a hole to the Spider Nest.
 26837 | Lair:5   | Reached skill level 1 in Fire Magic
 27072 | Lair:5   | Offered knowledge of Iron Shot by Vehumet.
 27139 | Lair:5   | Reached skill level 5 in Fire Magic
 27467 | Orc:1    | Entered Level 1 of the Orcish Mines
 27467 | Orc:1    | Noticed Dowan
 27469 | Orc:1    | Killed Dowan
 27471 | Orc:1    | Noticed Duvessa
 27472 | Orc:1    | Killed Duvessa
 27729 | Orc:1    | Noticed Erolcha
 27802 | Orc:1    | Offered knowledge of Poison Arrow by Vehumet.
 27862 | Orc:1    | Killed Erolcha
 29390 | Orc:3    | Offered knowledge of Delayed Fireball by Vehumet.
 29557 | Orc:3    | Noticed an orc warlord
 29630 | Orc:3    | Killed an orc warlord
 30430 | Orc:4    | Entered Level 4 of the Orcish Mines
 30763 | Orc:4    | Found a staircase to the Elven Halls.
 31186 | Orc:4    | Offered knowledge of Fire Storm by Vehumet.
 31186 | Orc:4    | Offered knowledge of Glaciate by Vehumet.
 31186 | Orc:4    | Offered knowledge of Chain Lightning by Vehumet.
 32361 | Orc:4    | Found Gaataum's Magic Scroll Boutique.
 32361 | Orc:4    | Found Curaepp's Antique Armour Boutique.
 32367 | Orc:4    | Found Thusiwk's Magic Scroll Shop.
 32370 | Orc:4    | Found Eshriust's Distillery.
 32697 | Orc:4    | Bought a polished scale mail for 216 gold pieces
 32787 | Orc:4    | Identified the +4 scale mail "Thuzixt" {Dex+4} (You bought it in a shop on level 4 of the Orcish Mines)
 32826 | Orc:4    | Bought a shiny ice dragon armour for 1440 gold pieces
 33188 | Lair:5   | Reached skill level 1 in Armour
 33799 | Lair:6   | Reached skill level 5 in Armour
 34960 | Lair:6   | Reached XP level 15. HP: 89/89 MP: 35/35
 35226 | D:7      | Bought the ring "Pinyliqo" {Wiz rC- Str+6} for 511 gold pieces
 35921 | Lair:7   | Found a staircase to the Slime Pits.
 35973 | Lair:7   | Found a glowing silver altar of Zin.
 36463 | Lair:8   | Entered Level 8 of the Lair of Beasts
 36898 | Lair:8   | Noticed Snorg
 36906 | Lair:8   | Killed Snorg
 37299 | Lair:8   | Reached skill level 5 in Stealth
 37710 | Lair:8   | Noticed Nergalle
 37756 | Lair:8   | Killed Nergalle
 38086 | Lair:8   | Reached skill level 10 in Armour
 39364 | Lair:8   | Got a fine shield
 39474 | Lair:8   | Identified the -8 shield of Gaula {-Tele rN+ MR+ Int+4 Slay-4} (You found it on level 8 of the Lair of Beasts)
 39732 | Lair:8   | Found a runed door.
 41346 | Lair:2   | Identified 2 scrolls of acquirement
 41846 | D:11     | Noticed Gronka's ghost (experienced MiMo)
 41860 | D:11     | Killed Gronka's ghost
 41860 | D:11     | Reached XP level 16. HP: 95/95 MP: 23/36
 43402 | D:13     | Noticed Erica
 43409 | D:13     | Killed Erica
 43436 | D:13     | Found a labyrinth entrance.
 43463 | Lab      | Entered a labyrinth
 44134 | Lab      | Identified Sif Muna's Reference Book on Good Luck and the Compass
 44137 | Lab      | Identified the Handbook of Stones and Confrontation
 44783 | D:13     | Found a gate to the Vaults.
 45563 | D:14     | Found a snail-covered altar of Cheibriados.
 45575 | D:14     | Noticed Roxanne
 45585 | D:14     | Killed Roxanne
 45709 | D:14     | Identified Roxanne's Tome of Changing (You took it off Roxanne on level 14 of the Dungeon)
 45739 | D:14     | Found Twonab's Antique Weapon Shop.
 45842 | D:14     | Bought a translucent morningstar for 261 gold pieces
 45842 | D:14     | Identified the +4 morningstar of Tension {elec, rN+ MP+9 Dex-2} (You bought it in a shop on level 14 of the Dungeon)
 46493 | D:7      | Bought the amulet "Xewna" {Ward rPois+ rN+ MP+9 Str+2 Int-2 Dex+3} for 390 gold pieces
 46701 | Orc:4    | Bought a pair of glowing gloves for 108 gold pieces
 46955 | Spider:1 | Entered Level 1 of the Spider Nest
 46955 | Spider:1 | Noticed Kirke
 47079 | Swamp:1  | Entered Level 1 of the Swamp
 47903 | Swamp:1  | Noticed Louise
 48420 | Swamp:1  | Killed Louise
 49099 | Swamp:2  | Noticed Norris
 49239 | Lair:5   | Killed Kirke
 49239 | Lair:5   | Reached skill level 15 in Dodging
 50265 | Lair:2   | Gained mutation: You have a pair of small horns on your head. [potion of beneficial mutation]
 50266 | Lair:2   | Gained mutation: You can spit poison. [potion of beneficial mutation]
 50447 | D:15     | Entered Level 15 of the Dungeon
 50458 | D:15     | Noticed Sonja
 50461 | D:15     | Killed Sonja
 50831 | D:15     | Reached XP level 17. HP: 100/100 MP: 31/37
 50909 | D:15     | Found a staircase to the Depths.
 52152 | D:15     | Noticed Urug
 52156 | D:15     | Killed Urug
 52522 | Swamp:2  | Paralysed by something for 4 turns
 52597 | Swamp:2  | Killed Norris
 53492 | Swamp:2  | Noticed Aizul
 53781 | Swamp:2  | Killed Aizul
 54994 | Swamp:3  | Noticed Frances
 55560 | Swamp:1  | Reached skill level 15 in Spellcasting
 57052 | Spider:1 | Gained mutation: You are robust (+10% HP). [potion of beneficial mutation]
 57664 | Spider:2 | Noticed Arachne
 57693 | Spider:2 | Killed Arachne
 58251 | Spider:2 | Reached XP level 18. HP: 115/115 MP: 23/40
 60012 | Swamp:3  | Killed Frances
 61394 | Swamp:5  | Entered Level 5 of the Swamp
 62734 | Swamp:5  | Noticed Wiglaf
 62788 | Swamp:5  | Killed Wiglaf
 63649 | Swamp:5  | Noticed Asterion
 63659 | Swamp:5  | Killed Asterion
 64109 | Swamp:5  | Noticed Jorgrun
 64114 | Swamp:5  | Reached skill level 18 in Spellcasting
 64131 | Swamp:5  | Killed Jorgrun
 65286 | Swamp:5  | Noticed the 27-headed Lernaean hydra
 65610 | Swamp:5  | Killed the 27-headed Lernaean hydra
 65913 | Swamp:5  | Reached XP level 19. HP: 121/121 MP: 42/42
 66152 | Swamp:5  | Got a decaying rune of Zot
 66489 | Lair:2   | Learned a level 5 spell: Iskenderun's Battlesphere
 66493 | Lair:2   | Learned a level 3 spell: Regeneration
 66497 | Lair:2   | Learned a level 3 spell: Vampiric Draining
 67036 | Spider:2 | Reached skill level 1 in Necromancy
 67141 | Spider:2 | Reached skill level 1 in Charms
 69132 | Spider:4 | Reached skill level 5 in Necromancy
 71059 | Elf:1    | Entered Level 1 of the Elven Halls
 73040 | Elf:2    | Found Klanif's Quality Used Wands.
 73123 | Elf:2    | Found a magical portal.
 73177 | WizLab   | Entered The Roulette of Golubria
 73181 | WizLab   | Found a corrupted altar of Lugonu.
 73480 | WizLab   | Found a corrupted altar of Lugonu.
 73693 | WizLab   | Found a corrupted altar of Lugonu.
 73802 | WizLab   | Identified Golubria's Incunabulum of Helpful Translocation
 73805 | WizLab   | Learned a level 1 spell: Apportation
 74935 | WizLab   | Got a scintillating granite ring
 74954 | WizLab   | Identified the Handbook of Assistive Displacement
 75162 | Elf:2    | Identified the ring "Xivvuol" {+/*Tele rC+ MR- Str+2 Dex+3} (You found it in a wizard's laboratory)
 75170 | Elf:2    | Identified a +4 rod of ignition (9/9) (You found it on level 1 of the Elven Halls)
 75857 | Elf:2    | Found Shrowu's Antique Armour Shop.
 75951 | Elf:2    | Bought a pair of dazzling gloves for 313 gold pieces
 75961 | Elf:2    | Identified the +2 pair of gloves "Nawaz" {rC- Int+2 Dex+4 SInv} (You bought it in a shop on level 2 of the Elven Halls)
 76010 | Elf:2    | Found a runed gate.
 76010 | Elf:2    | Found a runed gate.
 76015 | Elf:2    | Found a runed gate.
 76021 | Elf:2    | Got a bone scimitar
 76022 | Elf:2    | Identified the +8 scimitar of Ru's Delight {slice, -Cast rF+ rN+ Str+2} (You found it on level 2 of the Elven Halls)
 76235 | Elf:2    | Reached skill level 19 in Conjurations
 77032 | Spider:5 | Entered Level 5 of the Spider Nest
 77236 | Spider:5 | Noticed Agnes
 77244 | Spider:5 | Killed Agnes
 77244 | Spider:5 | Reached XP level 20. HP: 124/126 MP: 25/43
 78632 | Spider:5 | Reached skill level 20 in Conjurations
 80223 | Spider:5 | Reached skill level 10 in Air Magic
 80768 | Spider:5 | Got a gossamer rune of Zot
 81356 | Lair:2   | Upgraded the game from 0.16-a0-3843-ged98c6c to 0.16-a0-3855-gd2600ac
 81366 | Lair:2   | Learned a level 8 spell: Chain Lightning
 81485 | Vaults:1 | Entered Level 1 of the Vaults
 82455 | Vaults:1 | Found Plang's Weapon Shop.
 83391 | Vaults:1 | Got a pitted lead ring
 83393 | Vaults:1 | Identified the ring "Addank" {Ice Int+2} (You found it on level 1 of the Vaults)
 83986 | Vaults:1 | Reached skill level 15 in Air Magic
 84191 | Vaults:1 | Reached XP level 21. HP: 132/132 MP: 43/43
 85662 | Vaults:2 | Got a coiled silver ring
 85673 | Vaults:2 | Identified the ring of Liesored {+cTele rF+} (You found it on level 2 of the Vaults)
 86233 | Vaults:2 | Got an encrusted halberd
 86239 | Vaults:2 | Identified the +5 halberd of Distraction {freeze, MR+} (You found it on level 2 of the Vaults)
 86578 | Vaults:2 | Reached skill level 10 in Fighting
 86604 | Vaults:2 | Noticed Margery
 86665 | Vaults:2 | Killed Margery
 87282 | Vaults:3 | Reached skill level 1 in Maces & Flails
 87349 | Vaults:3 | Paralysed by a sphinx for 7 turns
 87837 | Vaults:3 | Reached skill level 5 in Maces & Flails
 88552 | Vaults:3 | Reached XP level 22. HP: 129/140 MP: 44/44
 89112 | Vaults:3 | Found a staircase to the Crypt.
 89470 | Vaults:3 | Reached skill level 10 in Maces & Flails
 91467 | Vaults:4 | Found a glowing silver altar of Zin.
 93558 | Depths:1 | Entered Level 1 of the Depths
 93770 | Depths:1 | Found a one-way gate to the infinite horrors of the Abyss.
 94192 | Depths:1 | Found a gateway to Hell.
 94361 | Depths:1 | Reached XP level 23. HP: 137/148 MP: 44/44
 94868 | Depths:1 | Found a runed door.
 95117 | Depths:1 | Reached skill level 15 in Maces & Flails
 95118 | Depths:1 | Gained mutation: Potions and wands are less effective at restoring your health. [a neqoxec]
 95133 | Depths:1 | Found a roughly hewn altar of Beogh.
 95702 | Depths:2 | Found a gateway to a ziggurat.
 95724 | Depths:2 | Killed from afar by a fire giant (illusionary)

Action                   |  1- 3 |  4- 6 |  7- 9 | 10-12 | 13-15 | 16-18 | 19-21 | 22-24 || total
-------------------------+-------+-------+-------+-------+-------+-------+-------+-------++-------
Melee: Whip              |     5 |     5 |       |     8 |   184 |    10 |       |       ||   212
       Mace              |       |     7 |    72 |   101 |       |       |       |       ||   180
       Staff             |       |       |       |     6 |    97 |     6 |       |       ||   109
       Morningstar       |       |       |       |       |       |   103 |   547 |   446 ||  1096
 Fire: Blowgun           |       |       |       |    16 |    10 |    12 |    20 |     4 ||    62
 Cast: Magic Dart        |    54 |   121 |   175 |   322 |   483 |   126 |       |       ||  1281
       Searing Ray       |     2 |    17 |    48 |   163 |   356 |   142 |     2 |       ||   730
       Iskenderun's Myst |       |     1 |    18 |   123 |   371 |   879 |   840 |    75 ||  2307
       Static Discharge  |       |       |       |     6 |    44 |    21 |       |       ||    71
       Orb of Destructio |       |       |       |     1 |    24 |    56 |    20 |     6 ||   107
       Bolt of Fire      |       |       |       |       |    67 |   147 |   116 |    37 ||   367
       Summon Butterflie |       |       |       |       |       |     7 |       |       ||     7
       Conjure Ball Ligh |       |       |       |       |       |     3 |    58 |    80 ||   141
       Regeneration      |       |       |       |       |       |       |     8 |     5 ||    13
       Apportation       |       |       |       |       |       |       |     1 |       ||     1
       Iskenderun's Batt |       |       |       |       |       |       |    52 |    17 ||    69
       Chain Lightning   |       |       |       |       |       |       |     3 |     3 ||     6
 Abil: Fly               |       |       |     1 |       |     2 |     1 |       |       ||     4
Evoke: Wand              |       |       |     2 |     1 |       |     1 |     1 |       ||     5
       Phial of floods   |       |       |       |       |       |     1 |       |       ||     1
  Use: Scroll            |       |     8 |    11 |    10 |    16 |    23 |     7 |     3 ||    78
       Potion            |       |       |       |       |     1 |     3 |     4 |     1 ||     9
 Stab: Sleeping          |       |       |     1 |     5 |       |     1 |       |       ||     7
       Confused          |       |       |     2 |       |       |       |       |       ||     2
       Distracted        |       |       |       |     1 |       |       |       |       ||     1
  Eat: Chunk             |     3 |    10 |    12 |    43 |   104 |   111 |    74 |    31 ||   388
       Beef jerky        |       |       |     1 |     2 |       |       |       |     2 ||     5
       Meat ration       |       |       |     1 |       |       |     1 |     2 |     1 ||     5
       Pizza             |       |       |       |     3 |     1 |       |       |       ||     4
       Bread ration      |       |       |       |       |     1 |     6 |     1 |       ||     8
       Fruit             |       |       |       |       |       |     7 |    18 |     3 ||    28
